AoeStats
← TheLastPalomin

Arabia

507571826Analyzed
1v1 RM · 13d ago on Sep 18, 2026· 59m 51s· 2 players
Game mode
Random Map
Map size
Tiny (2 player)
Population
200
Speed
Normal
Resources
Standard
Victory
Conquest
Starting age
Dark Age
Ending age
Imperial Age
RankedLock teamsTeams togetherTeam positionsShared explorationLock speedFull tech treeHidden civsTurbo modeCheats
Victory
Defeat
🇨🇱 Ethiopians · Chile
975
+15
🇩🇪 Koreans · Germany
950
-15
TheOwn3r.
5:59 Loom
9:21 Feudal Age
13:42 Fletching
20:27 Castle Age
19:15 Double-Bit Axe
19:13 Horse Collar
22:14 Bow Saw
22:16 Crossbowman
23:35 Bodkin Arrow
27:10 Wheelbarrow
26:25 Town Watch
27:43 Ballistics
27:58 Gold Mining
28:00 Stone Mining
29:58 Thumb Ring
35:16 Imperial Age
33:34 Hand Cart
35:25 Arbalester
36:08 Bracer
36:51 Elite Skirmisher
40:09 Chemistry
42:59 Conscription
48:58 Scale Barding Armor
49:04 Forging
50:26 Cavalier
51:31 Chain Barding Armor
51:47 Iron Casting
54:38 Light Cavalry
56:48 Hussar
TheLastPalomin
2:12 Loom
9:28 Feudal Age
10:26 Double-Bit Axe
14:18 Fletching
18:14 Horse Collar
22:44 Castle Age
21:13 Padded Archer Armor
22:43 Gold Mining
23:49 Bow Saw
24:38 Light Cavalry
25:19 Husbandry
27:57 Wheelbarrow
26:45 Elite Skirmisher
27:23 Bodkin Arrow
27:44 Leather Archer Armor
27:53 Scale Barding Armor
28:42 Heavy Plow
29:54 Thumb Ring
32:40 Stone Mining
33:28 Gold Shaft Mining
36:05 Imperial Age
34:32 Chain Barding Armor
34:23 Forging
34:28 Crossbowman
35:14 Scale Mail Armor
36:19 Stone Shaft Mining
36:49 Hand Cart
36:20 Town Watch
36:18 Hussar
38:35 Conscription
40:19 Two-Man Saw
39:54 Bracer
42:05 Ring Archer Armor
44:23 Torsion Engines
47:09 Iron Casting
46:50 Chain Mail Armor
47:40 Town Patrol
52:07 Royal Heirs
52:14 Torsion Engines
51:38 Elite Shotel Warrior
56:02 Blast Furnace
55:33 Plate Mail Armor
58:13 Heavy Camel Rider
Connection lost

Rejoining the realm…

Still unreachable

The connection could not be restored.

Session expired

The server has moved on; the page needs a fresh start.